Cogmind - Beta 13 @@@ ROGUE MODE // 2024.03.31 @ 22:56:09 Player: Willster Result: Destroyed by Y-54 Guardian with Flak Gun Performance ------------- Evolutions (3) 1500 Regions Visited (5) 1000 Robots Destroyed (46) 230 Value Destroyed (1475) 1475 Prototype IDs (1) 20 Alien Tech Used (0) 0 Bonus (0) 0 TOTAL SCORE: 4225 Bonus ------- None Cogmind --------- Core Integrity 0/700 Matter 290/300 Energy 100/100 System Corruption 4% Temperature Cool (18) Movement Core (350) Ox6 Location -7/Factory Parts ------- > --- POWER (2) -------- (None) > --- PROPULSION (3) --- (None) > --- UTILITY (6) ------ Large Storage Unit > --- WEAPON (2) ------- (None) > --- INVENTORY (15) --- Carbon-fiber Leg Thermal Generator Improved Heat Sink Small Storage Unit Small Storage Unit Advanced Visual Processing Unit Active Sensor Suite Reaction Control System System Shield Improved EM Shotgun Light Assault Rifle Peak State ------------ > --- POWER ------------ Light Nuclear Core > --- PROPULSION ------- Light Treads Armored Treads Armored Treads > --- UTILITY ---------- Thermal Generator Large Storage Unit Targeting Computer Hardened Heavy Armor Plating > --- WEAPON ----------- Heavy Particle Cannon High-powered Shotgun > --- INVENTORY -------- Carbon-fiber Leg Thermal Generator Improved Heat Sink Small Storage Unit Small Storage Unit Advanced Visual Processing Unit Active Sensor Suite Reaction Control System System Shield Improved EM Shotgun Light Assault Rifle [Rating: 34] Favorites ----------- Power Ion Engine Engine Ion Engine Power Core Light Nuclear Core Propulsion Light Treads Treads Light Treads Leg Carbon-fiber Leg Wheel Wheel Utility Targeting Computer Device Sensor Array Storage Large Storage Unit Processor Targeting Computer Protection Improved Light Armor Plating Weapon Improved EM Shotgun Energy Gun Improved EM Shotgun Energy Cannon Heavy Particle Cannon Ballistic Gun Light Assault Rifle Special Weapon Plasma Flamer Build | -11 -10 -9 -9 -8 -7 ------- Run | Yrd Mat Mat Min Mat Fac Slots Evolved 6 | . . 2 . 2 2 Power 1 | . . 1 . . . Propulsion 1 | . . . . 1 . Utility 4 | . . 1 . 1 2 Weapon . | . . . . . . Parts Attached 50 | 8 3 5 3 30 1 Power 7 | 1 . 1 . 5 . Engine 5 | 1 . 1 . 3 . Core 2 | . . . . 2 . Reactor . | . . . . . . Propulsion 16 | 3 1 2 . 10 . Treads 9 | 2 1 1 . 5 . Leg 6 | . . 1 . 5 . Wheel 1 | 1 . . . . . Hover . | . . . . . . Flight . | . . . . . . Utility 14 | 1 2 2 . 8 1 Device 3 | . 1 . . 1 1 Storage 5 | 1 . 1 . 3 . Processor 1 | . 1 . . . . Hackware . | . . . . . . Protection 5 | . . 1 . 4 . Artifact . | . . . . . . Weapon 13 | 3 . . 3 7 . Energy Gun 6 | 2 . . . 4 . Energy Cannon 1 | . . . . 1 . Ballistic Gun 5 | 1 . . 2 2 . Ballistic Cannon . | . . . . . . Launcher . | . . . . . . Special Weapon 1 | . . . 1 . . Impact Weapon . | . . . . . . Slashing Weapon . | . . . . . . Piercing Weapon . | . . . . . . Special Melee Weapon . | . . . . . . Unidentified Prototypes 1 | . . . . 1 . Parts Lost 23 | . . . 1 13 9 Power 6 | . . . 1 4 1 Propulsion 6 | . . . . 3 3 Utility 4 | . . . . 1 3 Weapon 7 | . . . . 5 2 Highest Loss Streak 9 | . . . 1 3 9 To Critical Strikes . | . . . . . . Average Slot Usage (%) 88 | . 96 92 91 89 62 Engine 10 | . 14 16 14 9 . Core 1 | . . . . 1 5 Treads 20 | . 27 20 22 18 17 Leg 3 | . . . . 7 . Device 8 | . 5 11 11 8 6 Storage 10 | . 8 10 11 11 7 Processor 9 | . 11 11 11 9 4 Protection 3 | . . . . 5 5 Energy Gun 12 | . 28 22 7 9 . Ballistic Gun 5 | . . . 13 6 5 Naked Turns . | . . . . . . Heaviest Build 61 | 13 13 32 32 54 61 Greatest Support 60 | 40 40 40 40 60 60 Greatest Overweight (x) 11 | . . 1 . 1 11 Average Overweight (x) . | . . . . . 1 Largest Inventory Capacity 15 | 8 8 15 15 15 15 Average Capacity 13 | 7 6 14 15 14 15 Most Carried 15 | 8 7 10 10 15 13 Average Carried 10 | 5 5 8 8 12 13 Final Capacity 15 | 8 5 15 15 15 15 Final Carried 14 | 6 5 9 10 14 13 Class Distribution -------------------- 93% | Mutant 6% | Scavenger-Mutant Dominant Class ---------------- Mutant | -10/Materials Mutant | -9/Materials Mutant | -9/Mines Mutant | -8/Materials Mutant | -7/Factory Resources | -11 -10 -9 -9 -8 -7 ----------- Run | Yrd Mat Mat Min Mat Fac Matter Collected 772 | 210 100 30 32 400 . Remotely . | . . . . . . Salvage Created 1801 | . 258 118 15 1410 . Parts 107 | . 16 11 1 79 . Haulers Intercepted . | . . . . . . Recyclers Shooed 2 | . . . . 2 . Parts Field Recycled . | . . . . . . Retrieved Matter . | . . . . . . Parts Self-Destructed . | . . . . . . Prevented . | . . . . . . Kills | -11 -10 -9 -9 -8 -7 ------- Run | Yrd Mat Mat Min Mat Fac Combat Hostiles Destroyed 40 | . 7 5 1 27 . Guns 36 | . 7 5 1 23 . Cannons 1 | . . . . 1 . AOE 1 | . . . . 1 . Classes Destroyed 11 | . 4 1 . 6 . Worker 1 | . 1 . . . . Builder 2 | . 1 . . 1 . Recycler 1 | . . . . 1 . Watcher 2 | . . . . 2 . Swarmer 13 | . 3 4 1 5 . Grunt 17 | . 4 . . 13 . Duelist 1 | . . . . 1 . Sentry 5 | . . 1 . 4 . Specialist 2 | . . . . 2 . Hunter 1 | . . . . 1 . Heavy 1 | . . . . 1 . Best Kill Streak 4 | . 3 4 1 4 . Combat Bots Only 4 | . 3 4 1 4 . Max Kills in Single Turn 2 | . 1 1 1 2 . Gunslinging 1 | . . . . 1 . Exploded 1 | . . . . 1 . Melee . | . . . . . . Uniques/NPCs Destroyed . | . . . . . . Combat | -11 -10 -9 -9 -8 -7 -------- Run | Yrd Mat Mat Min Mat Fac Hostile Shots Fired 594 | . 25 14 31 193 331 Missed 199 | . 7 3 6 56 127 Damage Taken 4583 | . 158 119 197 2325 1784 Core 1137 | . 54 47 32 304 700 Absorbed by Shields . | . . . . . . Regen/Repaired (Parts) 76 | . 12 64 . . . Core Remaining (%) 75 | 100 78 . 80 44 . Volleys Fired 138 | . 20 8 10 100 . Largest 2 | . 2 2 2 2 . Hottest 120 | . 90 90 90 120 . Shots Fired 267 | . 40 16 20 191 . Gun 257 | . 40 16 20 181 . Cannon 3 | . . . . 3 . Launcher . | . . . . . . Special 7 | . . . . 7 . Kinetic 111 | . . . 2 109 . Thermal 84 | . 40 16 18 10 . Explosive . | . . . . . . Electromagnetic 72 | . . . . 72 . Robot Hit Streak 24 | . 5 6 3 24 . Robot Miss Streak 9 | . 2 2 9 6 . Penetration Max . | . . . . . . Secondary Targets 3 | . 1 . . 2 . Max Gunslinging Chain 1 | . 1 . . 1 . Shots Hit Robots 189 | . 25 9 7 148 . Core Hits 109 | . 14 6 1 87 1 Critical Kills . | . . . . . . Critical Parts Destroyed 1 | . . . . 1 . Critical Strikes 8 | . 4 1 . 3 . Burn 7 | . 4 1 . 2 . Destroy 1 | . . . . 1 . Melee Attacks . | . . . . . . Impact . | . . . . . . Slashing . | . . . . . . Piercing . | . . . . . . Sneak Attacks . | . . . . . . Combat Hostiles . | . . . . . . Follow-up Attacks . | . . . . . . Damage Inflicted 2656 | . 306 108 72 2167 3 Guns 2253 | . 306 108 72 1767 . Cannons 75 | . . . . 75 . Explosions 223 | . . . . 223 . Melee . | . . . . . . Ramming 30 | . . . . 27 3 Kinetic 719 | . . . 13 706 . Thermal 846 | . 306 108 59 373 . Explosive . | . . . . . . Electromagnetic 1061 | . . . . 1061 . Impact . | . . . . . . Slashing . | . . . . . . Piercing . | . . . . . . Highest Corruption 4 | . . . . . 4 Average Corruption 2 | . . . . . 2 Corruption Purged . | . . . . . . Corruption Blocked . | . . . . . . Effects 1 | . . . . . 1 Matter Fused 1 | . . . . . 1 Overload Shots . | . . . . . . Overflow Damage 17 | . . . . 17 . Projectiles . | . . . . . . Explosions 17 | . . . . 17 . Melee . | . . . . . . Knockbacks 1 | . . . . 1 . Impact 1 | . . . . 1 . Kinetic . | . . . . . . Secondary . | . . . . . . Self-Inflicted Damage 78 | . . . . 78 . Shots 2 | . . . . 2 . Rammed 3 | . . . . 2 1 Targets Rammed 6 | . . . . 5 1 Kicked 3 | . . . . 3 . Crushed . | . . . . . . Highest Temperature 249 | . 210 144 192 249 4 Average Temperature 65 | . 78 56 104 58 1 Received Heat Transfer 1452 | . 36 36 . 972 408 Siege Activations . | . . . . . . Robots Corrupted 1 | . . . . 1 . Combat Hostiles 1 | . . . . 1 . Parts Fried 9 | . . . . 9 . Impact Corruptions . | . . . . . . Robots Melted 1 | . . . . 1 . Combat Hostiles 1 | . . . . 1 . Parts Melted 8 | . 4 1 . 3 . Heat Transferred 2783 | . 1114 371 137 1161 . Parts Sabotaged . | . . . . . . Parts Stolen . | . . . . . . Parts Stripped . | . . . . . . Power Chain Reactions 3 | . . . . 3 . Alert | -11 -10 -9 -9 -8 -7 ------- Run | Yrd Mat Mat Min Mat Fac Peak Influence 406 | . 152 215 123 406 199 Initial 184 | . . 35 83 47 184 Average 141 | . 72 116 110 180 176 Maximum Alert Level 2 | . . 1 . 2 . Low Security (%) 77 | 100 100 89 100 53 100 Level 1 21 | . . 10 . 44 . Level 2 1 | . . . . 2 . Level 3 . | . . . . . . Level 4 . | . . . . . . Level 5 . | . . . . . . High Security . | . . . . . . Max Security . | . . . . . . Squads Dispatched 8 | . 1 1 . 5 1 Investigation 1 | . . . . 1 . Extermination 1 | . . . . . 1 Reinforcement 6 | . 1 1 . 4 . Assault . | . . . . . . Garrison . | . . . . . . Intercept . | . . . . . . Searches Triggered . | . . . . . . Construction Impeded . | . . . . . . Haulers Reinforced . | . . . . . . Active Scanning Responses . | . . . . . . Cargo Convoy Interrupts . | . . . . . . Stealth | -11 -10 -9 -9 -8 -7 --------- Run | Yrd Mat Mat Min Mat Fac Distress Signals 5 | . . 1 . 3 1 Communications Jammed . | . . . . . . Distress Signals . | . . . . . . Times Spotted 83 | . 10 14 3 48 8 Peak Tracking Total 7 | . 4 7 3 5 4 Tactical Retreats 6 | . . . 1 5 . Traps | -11 -10 -9 -9 -8 -7 ------- Run | Yrd Mat Mat Min Mat Fac Traps Triggered 1 | . . . . 1 . Indirectly . | . . . . . . Trap Hack Attempts . | . . . . . . Triggered . | . . . . . . Disarmed . | . . . . . . Reprogrammed . | . . . . . . Reused . | . . . . . . Traps Extracted . | . . . . . . Installed . | . . . . . . Triggered . | . . . . . . Machines | -11 -10 -9 -9 -8 -7 ---------- Run | Yrd Mat Mat Min Mat Fac Machines Disabled . | . . . . . . Max in Single Turn . | . . . . . . Machines Repaired . | . . . . . . Machines Dismantled . | . . . . . . Machines Sabotaged . | . . . . . . Overloaded Fab Kills . | . . . . . . Hacking | -11 -10 -9 -9 -8 -7 --------- Run | Yrd Mat Mat Min Mat Fac Machines Accessed 8 | . 4 1 . 3 . Terminals 4 | . 2 . . 2 . Fabricators . | . . . . . . Repair Stations 2 | . 1 1 . . . Recycling Units 1 | . 1 . . . . Scanalyzers 1 | . . . . 1 . Garrison Access . | . . . . . . Total Hacks 26 | . 13 3 . 10 . Successful 18 | . 9 2 . 7 . Failed 8 | . 4 1 . 3 . Catastrophic 1 | . 1 . . . . Database Lockouts . | . . . . . . Manual . | . . . . . . Terminals 14 | . 7 . . 7 . Fabricators . | . . . . . . Repair Stations 6 | . 3 3 . . . Recycling Units 3 | . 3 . . . . Scanalyzers 3 | . . . . 3 . Garrison Access . | . . . . . . Terminal Hacks 11 | . 6 . . 5 . Record 5 | . 3 . . 2 . Dispatch Records 1 | . 1 . . . . Surveillance Status 1 | . 1 . . . . Reinforcement Status 1 | . . . . 1 . Hauler Manifests 2 | . 1 . . 1 . Zone Layout 1 | . . . . 1 . Fabricator Hacks . | . . . . . . Repair Station Hacks 4 | . 2 2 . . . Scan Component 2 | . 1 1 . . . Repair 2 | . 1 1 . . . Recycling Unit Hacks 1 | . 1 . . . . Report Inventory 1 | . 1 . . . . Scanalyzer 2 | . . . . 2 . Insert Component 1 | . . . . 1 . Analyze 1 | . . . . 1 . Garrison Access Hacks . | . . . . . . Unauthorized Hacks . | . . . . . . Terminals . | . . . . . . Fabricators . | . . . . . . Repair Stations . | . . . . . . Recycling Units . | . . . . . . Scanalyzers . | . . . . . . Garrison Access . | . . . . . . Data Cores Recovered . | . . . . . . Used . | . . . . . . Hacking Detections 5 | . 3 . . 2 . Full Trace Events 1 | . . . . 1 . Feedback Events . | . . . . . . Feedback Blocked . | . . . . . . Robot Schematics Acquired . | . . . . . . Robots Built . | . . . . . . Authchips . | . . . . . . Time . | . . . . . . Total Robot Build Rating . | . . . . . . Part Schematics Acquired 1 | . . . . 1 . Parts Built . | . . . . . . Authchips . | . . . . . . Time . | . . . . . . Total Part Build Rating . | . . . . . . Parts Repaired 2 | . 1 1 . . . Time 52 | . 26 26 . . . Parts Recycled . | . . . . . . Recycled Matter . | . . . . . . Retrieved Matter . | . . . . . . Retrieved Components . | . . . . . . Parts Scanalyzed 1 | . . . . 1 . Part Schematics Acquired 1 | . . . . 1 . Parts Damaged . | . . . . . . Bothacking | -11 -10 -9 -9 -8 -7 ------------ Run | Yrd Mat Mat Min Mat Fac Used RIF Installer . | . . . . . . Robots Hacked . | . . . . . . Non-combat . | . . . . . . Combat . | . . . . . . Robot Hacks Applied . | . . . . . . Relay Couplers Released . | . . . . . . Fabnet Peak Effective % . | . . . . . . Robots Rewired . | . . . . . . Allies Hacked . | . . . . . . Hacks Repelled . | . . . . . . Allies | -11 -10 -9 -9 -8 -7 -------- Run | Yrd Mat Mat Min Mat Fac Total Allies . | . . . . . . Largest Group . | . . . . . . Highest-Rated Group . | . . . . . . Highest-Rated Ally . | . . . . . . Total Orders . | . . . . . . Ally Attacks . | . . . . . . Total Damage . | . . . . . . Kills . | . . . . . . Allies Corrupted . | . . . . . . Allies Melted . | . . . . . . Intel | -11 -10 -9 -9 -8 -7 ------- Run | Yrd Mat Mat Min Mat Fac Robot Analysis Total . | . . . . . . Derelict Logs Recovered . | . . . . . . Drone Launches . | . . . . . . Drone Recoveries . | . . . . . . Exploration | -11 -10 -9 -9 -8 -7 ------------- Run | Yrd Mat Mat Min Mat Fac Turns Passed 2942 | 78 518 279 356 1362 349 Spaces Moved 1196 | 48 232 126 198 464 128 Core 29 | 14 . . . . 15 Treads 1034 | 33 232 126 198 332 113 Legs 132 | . . . . 132 . Wheels 1 | 1 . . . . . Hover . | . . . . . . Flight . | . . . . . . Fastest Speed 50 | 50 160 160 160 120 246 Average Speed 168 | 126 160 166 160 152 268 Slowest Speed 600 | 160 160 240 160 190 600 Overloaded Moves . | . . . . . . Propulsion Burnouts . | . . . . . . Robots Hopped . | . . . . . . Cave-ins Triggered . | . . . . . . Exploration Rate (%) 24 | 4 41 18 43 33 5 Regions Visited 5 Branch Regions 1 Pre-discovered Areas . | . . . . . . Known Exits Taken . | . . . . . . Unknown Exits Taken 5 | 1 1 1 1 1 . Scrap Searched 1 | . . . 1 . . Spaces Dug . | . . . . . . Terrain Destroyed 18 | . . . . 18 . Melee . | . . . . . . Projectile . | . . . . . . AOE 18 | . . . . 18 . Terrain Rammed . | . . . . . . Walls Destroyed . | . . . . . . Machines Disabled . | . . . . . . Actions | -11 -10 -9 -9 -8 -7 --------- Run | Yrd Mat Mat Min Mat Fac Total 1872 | 63 341 179 217 941 131 Wait 408 | . 76 33 2 296 1 Move 1191 | 47 231 125 197 463 128 Hop . | . . . . . . Pick Up 59 | 8 6 7 3 35 . Fast Attach 7 | 4 . 1 . 2 . Attach 24 | 2 2 3 . 16 1 Detach . | . . . . . . Swap 19 | 2 1 1 3 12 . Drop 20 | . 5 1 2 12 . Fire 138 | . 20 8 10 100 . Melee . | . . . . . . Ram . | . . . . . . Kick 3 | . . . . 3 . Crush 3 | . . . . 2 1 Escape Stasis . | . . . . . . Rewire . | . . . . . . Trap . | . . . . . . Miscellaneous . | . . . . . . Route ------- -11/Scrapyard -10/Materials (discovered 2 exits: *Mat / [*Min]) -9/Materials -9/Mines -8/Materials -7/Factory History --------- Turn | Location | Event 9 | -11/Scrapyard | Discovered new exit (range 16) 79 | -11/Scrapyard | Entered Materials 254 | -10/Materials | Repaired Lgt. Treads 260 | -10/Materials | Discovered new exit (range 14) 315 | -10/Materials | Build established: Mutant 541 | -10/Materials | Discovered new exit (range 12) 597 | -10/Materials | Entered another Materials area 597 | -9/Materials | Evolved 2 slots: Power x1, Utility x1 792 | -9/Materials | Discovered new exit (range 16) 845 | -9/Materials | Repaired Lgt. Treads 876 | -9/Materials | Entered Mines 946 | -9/Mines | Met a Derelict bent on vengeance 1133 | -9/Mines | Discovered new exit (range 9) 1197 | -9/Mines | A weapon hastily lodged in a ceiling crevice suddenly fell to the ground 1232 | -9/Mines | Entered Materials 1232 | -8/Materials | Evolved 2 slots: Propulsion x1, Utility x1 1806 | -8/Materials | Lost 3 parts (1n1u1w) 2506 | -8/Materials | Core integrity fell below 50% 2556 | -8/Materials | Lost 3 parts (1p2w) 2566 | -8/Materials | Found Corrupted Prototype Device 2579 | -8/Materials | Discovered new exit (range 7) 2594 | -8/Materials | Entered Factory 2594 | -7/Factory | Evolved 2 slots: Utility x2 2922 | -7/Factory | Core integrity fell below 50% 2932 | -7/Factory | Lost 9 parts (1p3n3u2w) 2936 | -7/Factory | Core integrity fell below 20% 2943 | -7/Factory | Destroyed by Y-54 Guardian with Flak Gun Last Messages --------------- 02746_ K-01 Serf cleans the Matter Pump. 02818_ W-25 Informer sends out distress signal. 02827_ Targeting Computer destroyed. 02844_ ALERT: Rogue bot located, Programmers report to Factory Zone 7P. 02857_ Lgt. Treads destroyed. 02864_ Arm. Treads destroyed. 02865_ Slammed into K-01 Serf. 02878_ Lgt. Nuclear Core destroyed. 02884_ Door malfunctions. 02884_ Hrd. Heavy Armor Plating destroyed. 02884_ Arm. Treads destroyed. 02888_ U-05 Engineer repairs door. 02889_ Hpw. Shotgun destroyed. 02898_ Thermal Generator destroyed. 02901_ Hvy. Particle Cannon destroyed. 02907_ P-60 Hacker resets Y-54 Guardian, system corruption cleaned. 02936_ System corrupted: Matter fused (-10). 02940_ M-28 Smith repairs P-60 Hacker. Map ----- +----------------------------------------------------+ | ?????????????????????????????????????????????????? | | ?????????????????????????????????????????????????? | | ?????????????????????????????????????????????????? | | ?????????????????????????????????????????????????? | | ?????????????????????????????????????????????????? | | ?????????????????????????????????????????????????? | | ?????????????????????????????????????????????????? | | ?????????????????????????????????????????????????? | | ?????????????????????????????????????????????????? | | ?????????????????????????????????????????????????? | | ?????????????????????????????????????????????????? | | ?????????????????????????????????????????????????? | | ?????????????????????????????????????????????????? | | ?????????????????????????????????????????????????? | | ?????????????????????????????????????????????????? | | ?????????????????????????????????????????????????? | | ???????????????????????????????????? #???????????? | | ??????????????????????????????????? #???????????? | | ????????????????????????????????? #???????????? | | ??????????????????? ???????????? #???????????? | | ??????????????????? ??????????? ##??????????? | | ??????????????????? ?????????? #??????????? | | ??????#############+######### #??????????? | | ?????? ] #??????????? | | ????? #??????????? | | ????? @ Y #??????????? | | ????? #??????????? | | ????? p k ????????? | | ????????#####+### ####### ##?????????? | | ????????????????# #??????? #??????????? | | ????????????????# #????????########??????????? | | ????????????????# #??????????????????????????? | | ????????????????# #??????????????????????????? | | ????????????????# #??????????????????????????? | | ????????????????# #??????????????????????????? | | ????????????????# #??????????????????????????? | | ????????????????# #??????????????????????????? | | ????????????????# %#??????????????????????????? | | ????????????????# #??????????????????????????? | | ??????????????? + #??????????????????????????? | | ?????????????? # + ?????????????????????? | | ???????????? # # | ????????????????? | | ???????????" ?# # ???????????????? | | ??????????"" ??# #? ???????????????? | | ????????? ???# #? ########????????????????? | | ?????????"""????# #??#???????????????????????? | | ????????"""?????# #??????????????????????????? | | ????????????????+ #??????????????????????????? | | ????????????????# #??????????????????????????? | | ????????????????# #??????????????????????????? | +----------------------------------------------------+ Best States ------------- Heat Dissipation 34 Energy Generation 21 Energy Capacity 415 Matter Stores 300 Matter Capacity 300 Sight Range 16 Robot Scan Range 14 Terrain Scan Density 10 Armor Coverage 600 Evasion (%) 55 Targeting Accuracy 5 Recoil Reduction 3 Item Schematics ----------------- Lrg. Storage Unit | -8/Materials | Scanalyzed Robot Schematics ------------------ None Fabricated ------------ Nothing Alien Tech Used ----------------- None Achievements -------------- It's Just You Challenges ------------ None Game ------ Seed BottomlessModifiedOptics Manual? 0 Play Time 00:34:31 Cumulative 12.8 hours Start 2024.03.31 @ 22:22:23 End 2024.03.31 @ 22:56:09 Sessions 1 Manual Loads 0 Difficulty Rogue Special Mode None Game No. 17 Rogue 17 Adventurer 0 Explorer 0 Win Type - Total 0 Types 0/0/0/0/0/0/0/0/0 Lore% 16 Gallery% 17 Achievement% 15 Wizard Run 0 Options --------- Layout 1 ASCII 0 Keyboard 0 Movement Mouse Keybinds 0 Fullscreen 2 Font 24/Smallcaps Map View 50x35 Zoom Use 0% Tactical HUD 1 Map Filters NONE Filters NONE Steam 1 RUN: 6e39bd61-4708-49fc-b9ce-e7aa681dbc11